 Dungeon Crawl Stone Soup version 0.20.1-1-g8b1a95d (webtiles) character file.

77 digijack the Ruffian (level 4, -4/44 HPs)
             Began as a Troll Monk on Oct 8, 2017.
             Was a Believer of Dithmenos.
             Splashed by Ijyb's acid (12 damage)
             ... on level 2 of the Dungeon.
             The game lasted 00:09:14 (919 turns).

digijack the Ruffian (Troll Monk)                    Turns: 919, Time: 00:09:14

Health: -4/44      AC: -3    Str: 20    XL:     4   Next: 13%
Magic:  3/3        EV: 10    Int:  6    God:    Dithmenos [**....]
Gold:   33         SH:  0    Dex: 12    Spells: 3/3 levels left

rFire    . . .     SeeInvis .     - Unarmed
rCold    . . .     Gourm    +   (no shield)
rNeg     . . .     Faith    .   a - +0 robe
rPois    .         Spirit   .   (helmet restricted)
rElec    .         Reflect  .   (no cloak)
rCorr    .         Harm     .   (gloves unavailable)
MR       .....                  (boots unavailable)
Stlth    ++........             (no amulet)
Regen    0.6/turn               (no ring)
MPRegen  0.1/turn               (no ring)

@: corroded, wreathed by umbra
A: unfitting armour, claws 3, fast metabolism 3, gourmand, regeneration 1,
shaggy fur 1, tough skin 2
a: Shadow Step, Renounce Religion


You were on level 2 of the Dungeon.
You worshipped Dithmenos.
Dithmenos was pleased with you.
You were very full.

You visited 1 branch of the dungeon, and saw 2 of its levels.

You collected 33 gold pieces.

Inventory:

Missiles
 c - 62 stones (quivered)
 e - 25 sling bullets
Armour
 a - a +0 robe (worn)
Scrolls
 g - a scroll of teleportation
 h - 2 scrolls of amnesia
Comestibles
 b - 2 bread rations
 d - 18 chunks of flesh
 f - a royal jelly
 i - a meat ration


   Skills:
 + Level 2.8 Fighting
 + Level 2.8 Dodging
 * Level 1.1 Stealth
 + Level 4.1 Unarmed Combat


You had 3 spell levels left.
You didn't know any spells.

Dungeon Overview and Level Annotations

Branches:
Dungeon (2/15)

Altars:
Dithmenos

Annotations:
D:2 Ijyb


Innate Abilities, Weirdness & Mutations

You are too large for most types of armour.
You have claws for hands.
Your metabolism is lightning-fast.
You like to eat raw meat.
Your natural rate of healing is unusually fast.
You are covered in fur. (AC +1)
You have very tough skin. (AC +2)


Message History

You kill the goblin!
Dithmenos accepts your kill. The goblin hits you with a club.
You scratch the goblin.
The goblin is severely wounded.
The goblin hits you with a club.
You closely miss the goblin. The goblin barely misses you.
You scratch the goblin.
The goblin is moderately wounded.
Ijyb closely misses you. The goblin hits you but does no damage.
Ijyb screams, "It's all mine!"
Ijyb zaps a wand.
The bolt of acid hits you! The acid corrodes you!
You are splashed with acid!
The acid burns!
It is a wand of acid (?/15).
You claw the goblin!
You kill the goblin!
Dithmenos accepts your kill.
You scratch Ijyb but do no damage.
Ijyb zaps a wand.
The bolt of acid hits you!
* * * LOW HITPOINT WARNING * * *
The acid corrodes you!
You are splashed with acid!
The acid burns!
You die...

#)# #.##.....#
.####)######........#
....).[...........).#
#......######.......#####
##......####....<.......#
#..........#.#.........#
......#.##........#...##
#####.#.#....###..#.###
##...........@gg...#
####.>..##########g)..#
.#...#..# .8.8.8†....#
.....#..# ...........#
..##....# ...........#
#.###...# ...........#
#.##....# ........####
.....##.# ........#
.##.÷.#.# .8.8.8..#


You could see Ijyb and 2 goblins.

Vanquished Creatures
  Robin (D:2)
  An adder (D:2)
  A worm (D:1)
  2 leopard geckos (D:1)
  A giant cockroach (D:1)
  16 goblins
  8 hobgoblins
  6 bats
  2 frilled lizards
  5 kobolds
  5 rats
48 creatures vanquished.

Notes
Turn   | Place    | Note
-------+----------+-------------------------------------------
     0 | D:1      | digijack the Troll Monk began the quest for the Orb.
     0 | D:1      | Reached XP level 1. HP: 22/22 MP: 0/0
   165 | D:1      | Reached XP level 2. HP: 29/29 MP: 1/1
   578 | D:1      | Reached XP level 3. HP: 34/36 MP: 2/2
   734 | D:2      | Found a shadowy altar of Dithmenos.
   762 | D:2      | Became a worshipper of Dithmenos the Shadowed
   762 | D:2      | Reached * piety under Dithmenos
   762 | D:2      | Reached ** piety under Dithmenos
   836 | D:2      | Noticed Robin
   851 | D:2      | Reached skill level 4 in Unarmed Combat
   861 | D:2      | Killed Robin
   861 | D:2      | Reached XP level 4. HP: 40/44 MP: 3/3
   906 | D:2      | Noticed Ijyb
   919 | D:2      | Splashed by Ijyb's acid

Skill      XL: |  1  2  3 |
---------------+----------+-----
Unarmed Combat | 4 |  4.1
Fighting       | |  2.8
Dodging        | |  2.8
Stealth        | |  1.1

Action                   |  1- 3 |  4- 6 || total
-------------------------+-------+-------++-------
Melee: Unarmed           |   101 |    18 ||   119
       Punch             |     1 |       ||     1
  Use: Scroll            |     4 |       ||     4
       Potion            |     2 |       ||     2
 Stab: Sleeping          |     5 |       ||     5
  Eat: Chunk             |    12 |       ||    12
Armor: Robe              |    24 |     3 ||    27
Dodge: Dodged            |    57 |     6 ||    63
